Map: Whirlwind LE (Void)

Players

Drager - Winner!

  • Race: Protoss Protoss
  • Spawn Location: 1:00

Stephano

  • Race: Zerg Zerg
  • Spawn Location: 7:00

Event: WESG 2016 Finals

VOD

Have the link to the VOD?

Description

Time

  • Played on: Jan. 12, 2017, 4:39 a.m.
  • Length: 18:33

All games in this series

Show
View Real Time Build Order
Export as new Build Order

Drager Protoss - Winner!

Build Orders: Nexus First 

Get SALT Encoding   

  12  0:00  Probe (Chrono Boost)  
  13  0:11  Probe (Chrono Boost)  
  14  0:20  Pylon  
  14  0:24  Probe (Chrono Boost)  
  15  0:38  Probe (Chrono Boost)  
  16  0:48  Probe (Chrono Boost)  
  17  0:58  Nexus  
  17  1:07  Gateway  
  17  1:11  Probe (Chrono Boost)  
  18  1:21  Assimilator  
  18  1:22  Probe (Chrono Boost)  
  18  1:24  Assimilator  
  20  1:33  Probe (Chrono Boost)  
  20  1:43  Probe (Chrono Boost)  
  20  1:46  Gateway  
  21  1:54  Probe (Chrono Boost)  
  22  2:03  Cybernetics Core  
  22  2:04  Probe (Chrono Boost)  
  23  2:10  Probe (Chrono Boost)  
  23  2:15  Probe (Chrono Boost)  
  25  2:21  Probe (Chrono Boost)  
  26  2:25  Probe (Chrono Boost)  
  27  2:31  Probe (Chrono Boost)  
  27  2:36  Adept x2  
  29  2:37  Probe (Chrono Boost)  
  29  2:40  Warp Gate  
  29  2:44  Probe (Chrono Boost)  
  34  2:49  Probe (Chrono Boost)  
  35  2:55  Pylon  
  35  2:56  Probe (Chrono Boost)  
  36  3:01  Probe (Chrono Boost)  
  37  3:08  Probe (Chrono Boost)  
  37  3:10  Adept x2  
  38  3:13  Twilight Council  
  38  3:16  Probe (Chrono Boost)  
  44  3:20  Probe (Chrono Boost)  
  44  3:29  Probe (Chrono Boost), Pylon  
  44  3:32  Gateway  
  45  3:36  Probe (Chrono Boost)  
  46  3:41  Resonating Glaives  
  46  3:44  Adept  
  46  3:45  Probe (Chrono Boost)  
  46  3:47  Adept  
  46  3:48  Probe (Chrono Boost)  
  48  3:56  Probe (Chrono Boost)  
  48  3:59  Probe (Chrono Boost)  
  48  4:01  Assimilator  
  50  4:02  Pylon  
  50  4:03  Assimilator  
  50  4:04  Pylon  
  50  4:06  Probe (Chrono Boost)  
  52  4:10  Probe (Chrono Boost)  
  53  4:17  Probe (Chrono Boost)  
  53  4:20  Stargate  
  53  4:21  Stargate  
  53  4:46  Adept x3  
  53  4:49  Probe (Chrono Boost)  
  53  4:50  Probe (Chrono Boost)  
  61  4:55  Pylon  
  61  5:02  Nexus  
  61  5:03  Pylon  
  61  5:05  Oracle  
  61  5:07  Adept x3  
  61  5:08  Oracle  
  73  5:17  Mothership Core (Chrono Boost)  
  73  5:20  Pylon  
  73  5:21  Probe (Chrono Boost)  
  76  5:33  Probe (Chrono Boost)  
  77  5:36  Oracle  
  77  5:37  Probe (Chrono Boost)  
  77  5:39  Oracle  
  81  5:45  Probe (Chrono Boost)  
  81  5:49  Probe (Chrono Boost)  
  87  5:57  Fleet Beacon, Probe (Chrono Boost)  
  87  6:01  Probe (Chrono Boost), Assimilator  
  87  6:03  Pylon  
  88  6:05  Assimilator  
  88  6:06  Adept  
  88  6:09  Probe (Chrono Boost)  
  91  6:13  Adept x2  
  91  6:14  Probe (Chrono Boost)  
  94  6:19  Probe (Chrono Boost)  
  94  6:21  Probe (Chrono Boost)  
  94  6:22  Stargate  
  97  6:26  Probe (Chrono Boost)  
  97  6:30  Probe (Chrono Boost)  
  99  6:33  Probe (Chrono Boost)  
  99  6:36  Pylon  
  99  6:38  Probe (Chrono Boost)  
  100  6:40  Probe (Chrono Boost), Pylon  
  100  6:45  Carrier x2, Probe (Chrono Boost)  
  102  6:50  Probe (Chrono Boost)  
  102  6:51  Probe (Chrono Boost)  
  117  7:03  Carrier  
  116  7:10  Forge  
  116  7:14  Pylon  
  122  7:16  Pylon  
  119  7:35  Adept x3  
  116  7:45  Probe (Chrono Boost)  
  116  7:52  Graviton Catapult  
  116  7:53  Protoss Air Weapons Level 1  
  116  7:58  Pylon  
  116  7:59  Pylon  
  116  8:03  Nexus  
  116  8:05  Void Ray x2  
  116  8:06  Pylon  
  116  8:09  Pylon  
  124  8:21  Photon Cannon  
  124  8:23  Void Ray  
  124  8:24  Photon Cannon  
  124  8:26  Photon Cannon  
  124  8:28  Photon Cannon x2  
  124  8:30  Photon Cannon  
  128  8:35  Templar Archives  
  128  8:42  Void Ray  
  128  8:47  Photon Cannon  
  132  8:49  Void Ray  
  132  8:52  Photon Cannon  
  132  8:54  Photon Cannon  
  136  9:00  Void Ray  
  140  9:14  Psionic Storm  
  140  9:23  Photon Cannon  
  140  9:25  Photon Cannon  
  148  9:39  Carrier, High Templar x3  
  148  9:40  Carrier  
  158  9:45  Carrier, Photon Cannon  
  158  9:48  Photon Cannon  
  158  9:52  Pylon  
  164  10:06  Photon Cannon  
  164  10:07  Assimilator  
  164  10:13  Assimilator  
  164  10:17  Photon Cannon  
  164  10:20  High Templar  
  166  10:21  Stargate  
  166  10:36  Photon Cannon  
  166  10:48  Stargate  
  166  10:54  Carrier x2  
  166  11:04  Carrier  
  166  11:09  High Templar x2  
  188  11:20  Adept  
  190  11:28  Carrier  
  196  11:37  Pylon  
  196  11:39  Pylon  
  196  11:52  High Templar  
  196  12:01  Protoss Air Weapons Level 2  
  196  12:06  Cybernetics Core  
  196  12:07  Protoss Shields Level 1  
  196  12:13  High Templar  
  196  12:14  High Templar  
  183  12:39  Adept  
  171  12:46  High Templar x2  
  171  13:00  Nexus  
  171  13:01  Robotics Facility  
  171  13:02  Pylon  
  171  13:03  Pylon  
  171  13:05  Assimilator  
  171  13:10  Pylon  
  171  13:12  Assimilator  
  171  13:18  Pylon  
  171  13:21  Carrier x2  
  171  13:23  Carrier  
  155  13:32  Carrier x2  
  177  13:44  Mothership Core (Chrono Boost)  
  177  13:49  Photon Cannon  
  177  13:51  Observer  
  178  14:00  High Templar x2  
  182  14:02  High Templar  
  178  14:37  Nexus  
  174  14:42  Observer  
  175  14:48  Carrier  
  175  14:49  Carrier x2  
  140  15:00  Carrier  
  152  15:25  Void Ray  
  156  15:30  Photon Cannon  
  156  15:32  Photon Cannon  
  156  15:40  High Templar  
  158  15:49  High Templar  
  160  15:57  High Templar  
  162  16:06  Nexus  
  162  16:08  Void Ray  
  162  16:09  Pylon  
  166  16:13  Void Ray, High Templar  
  166  16:14  Void Ray  
  172  16:25  Void Ray  
  176  16:39  High Templar  
  163  16:50  Void Ray  
  166  17:07  Assimilator  
  166  17:10  Void Ray  
  166  17:12  Assimilator  
  166  17:14  Photon Cannon  
  170  17:17  Photon Cannon  
  170  17:19  Photon Cannon  
  168  17:29  Void Ray  
  158  17:46  Void Ray  
Show
View Real Time Build Order
Export as new Build Order

Stephano Zerg 

Build Orders: Hatch First 

Get SALT Encoding   

  12  0:00  Drone  
  13  0:12  Overlord  
  13  0:17  Drone  
  14  0:31  Drone x2  
  14  0:34  Drone  
  17  0:53  Hatchery  
  17  0:55  Drone  
  17  0:57  Drone  
  18  1:10  Extractor  
  17  1:13  Spawning Pool  
  17  1:14  Drone  
  17  1:18  Drone  
  18  1:28  Drone  
  19  1:41  Overlord  
  19  1:53  Drone  
  20  2:00  Queen  
  22  2:02  Drone  
  22  2:05  Queen  
  22  2:06  Drone  
  26  2:09  Metabolic Boost  
  26  2:17  Drone x2  
  28  2:29  Hatchery  
  27  2:32  Overlord  
  27  2:34  Zergling x2  
  28  2:37  Zergling x2  
  28  2:40  Drone  
  30  2:46  Queen  
  30  2:50  Overlord  
  32  2:53  Drone  
  32  2:57  Drone  
  34  3:03  Drone  
  35  3:10  Drone x3  
  35  3:12  Drone x2  
  40  3:19  Drone  
  41  3:21  Zergling x6  
  44  3:31  Zergling x4  
  45  3:44  Drone  
  45  3:45  Drone x3  
  45  3:48  Drone x2  
  50  3:50  Queen  
  50  3:52  Drone x2  
  54  3:58  Drone x2  
  54  3:59  Drone  
  54  4:02  Overlord  
  57  4:04  Roach Warren  
  57  4:05  Drone x2, Extractor  
  57  4:12  Overlord  
  57  4:13  Drone  
  58  4:22  Drone x4  
  62  4:25  Extractor  
  62  4:27  Overlord  
  62  4:28  Evolution Chamber x2  
  62  4:29  Overlord x2  
  62  4:31  Drone  
  60  4:37  Drone x2  
  60  4:38  Spore Crawler  
  61  4:40  Spore Crawler  
  61  4:41  Spore Crawler  
  59  4:49  Roach  
  59  4:50  Roach x4  
  68  4:54  Roach  
  68  4:55  Roach x2  
  74  5:06  Drone x3, Overlord  
  74  5:07  Drone x2  
  78  5:12  Overlord  
  79  5:17  Roach x5  
  89  5:22  Overlord  
  89  5:24  Spine Crawler  
  89  5:25  Roach  
  90  5:33  Zergling x10  
  90  5:34  Zerg Ground Armor Level 1  
  95  5:48  Drone x6  
  100  5:50  Drone  
  100  5:53  Drone, Zerg Missile Weapons Level 1  
  102  5:59  Drone x4  
  106  6:05  Lair, Extractor  
  106  6:06  Extractor  
  103  6:15  Drone x4  
  103  6:16  Drone  
  108  6:24  Drone x2  
  108  6:25  Drone, Extractor  
  110  6:26  Overlord x2  
  110  6:39  Overlord  
  110  6:40  Overlord x2  
  110  6:41  Drone x2, Hatchery  
  111  6:48  Spore Crawler  
  111  6:49  Spore Crawler  
  111  6:50  Spore Crawler  
  111  6:51  Spore Crawler  
  111  6:52  Spore Crawler  
  104  7:00  Drone x3  
  106  7:06  Ravager x5  
  106  7:07  Ravager  
  107  7:12  Spore Crawler, Hydralisk Den  
  107  7:13  Drone x8  
  115  7:19  Hydralisk Den  
  114  7:24  Drone x3  
  108  7:42  Overlord  
  86  7:44  Hydralisk x5, Muscular Augments  
  86  7:45  Hydralisk x3  
  86  7:49  Spore Crawler  
  96  7:53  Spore Crawler  
  96  7:56  Hydralisk x4  
  105  7:58  Roach  
  105  7:59  Queen  
  105  8:00  Queen  
  105  8:02  Roach x2  
  113  8:09  Spore Crawler  
  113  8:11  Extractor  
  111  8:13  Extractor  
  111  8:15  Zerg Ground Armor Level 2  
  111  8:19  Spore Crawler  
  109  8:20  Drone x3  
  109  8:21  Drone x6  
  119  8:28  Hydralisk x2  
  119  8:29  Hydralisk  
  125  8:36  Hydralisk x3  
  125  8:41  Zerg Missile Weapons Level 2  
  131  8:42  Hatchery  
  131  8:44  Zergling x2  
  131  8:47  Hydralisk, Overseer  
  131  8:48  Hydralisk  
  135  8:52  Overlord x2  
  135  8:54  Drone x2  
  137  8:57  Hydralisk x2  
  141  9:06  Hydralisk x4  
  149  9:12  Hydralisk x3  
  149  9:15  Hydralisk  
  149  9:16  Hydralisk  
  159  9:21  Hydralisk x3  
  165  9:25  Drone x3  
  165  9:26  Drone  
  169  9:36  Hydralisk x2  
  173  9:38  Drone  
  173  9:39  Drone  
  173  9:42  Spore Crawler  
  173  9:44  Drone  
  175  9:45  Overlord  
  175  9:46  Spore Crawler, Overlord  
  175  9:47  Spore Crawler  
  175  9:48  Spore Crawler  
  175  9:49  Spore Crawler  
  171  10:00  Hydralisk  
  171  10:01  Hydralisk x4  
  181  10:12  Hydralisk x6  
  181  10:13  Hydralisk x2  
  197  10:26  Overlord  
  197  10:32  Infestation Pit  
  196  10:48  Hydralisk  
  198  11:22  Spore Crawler, Hive  
  198  11:23  Spore Crawler  
  198  11:24  Spore Crawler x2  
  198  11:25  Spore Crawler  
  193  11:27  Hydralisk x3  
  189  12:01  Roach x3  
  189  12:02  Roach x3  
  167  12:35  Roach x12  
  147  12:37  Hydralisk x15  
  147  12:38  Hydralisk x4  
  163  12:48  Zerg Ground Armor Level 3, Zerg Missile Weapons Level 3  
  163  12:49  Viper  
  163  12:50  Viper x3  
  169  12:51  Hydralisk  
  169  12:52  Hydralisk x2  
  169  12:53  Queen x2  
  169  12:58  Hydralisk x4  
  179  13:05  Glial Reconstitution  
  187  13:08  Hydralisk  
  187  13:09  Hydralisk x4  
  197  13:14  Spore Crawler  
  197  13:15  Spore Crawler  
  197  13:16  Spore Crawler  
  197  13:17  Spore Crawler  
  197  13:18  Spore Crawler  
  197  13:19  Spore Crawler  
  191  13:21  Spore Crawler  
  191  13:22  Spore Crawler  
  191  13:26  Hydralisk x9  
  173  13:33  Hydralisk x4  
  169  13:39  Hydralisk x2  
  175  13:43  Overseer  
  167  13:50  Hydralisk  
  167  13:51  Hydralisk x4  
  177  14:03  Hydralisk  
  177  14:04  Hydralisk x4  
  187  14:16  Hydralisk x2  
  189  14:26  Hatchery  
  173  14:57  Hydralisk x9  
  160  15:04  Hydralisk x3  
  146  15:20  Hydralisk  
  146  15:21  Hydralisk x4  
  144  15:36  Hydralisk  
  144  15:37  Hydralisk x4  
  154  16:01  Hydralisk  
  154  16:02  Hydralisk x3  
  162  16:07  Hatchery  
  139  16:39  Viper  
  112  16:40  Viper x3  
  112  16:45  Hydralisk x3  
  112  16:46  Hydralisk x10  
  148  17:00  Hydralisk x5  
  148  17:01  Hydralisk  
  158  17:17  Hydralisk  
  158  17:18  Hydralisk x5  
  160  17:26  Hydralisk  
  160  17:27  Hydralisk x3  
  122  17:37  Hydralisk x4  
  122  17:44  Hydralisk x4  
  130  17:53  Hydralisk  
  130  17:54  Hydralisk x3  
  132  18:04  Hydralisk x5  
Tags
 
Add a new tag
Caveats
  • Supply blocks, unpowered buildings, or Contaminate may cause inaccurate times.
  • Supply counts are checked every 10 seconds.